 Dungeon Crawl Stone Soup version 0.19.5 (webtiles) character file.

15 equalderp2856 the Caller (level 2, 0/11 HPs)
             Began as a Felid Summoner on Mar 31, 2017.
             Slain by a jackal (2 damage)
             ... on level 1 of the Dungeon.
             The game lasted 00:01:33 (334 turns).

equalderp2856 the Caller (Felid Summoner)            Turns: 334, Time: 00:01:34

Health: 0/11       AC:  1    Str:  4    XL:     2   Next: 34%
Magic:  6/6        EV: 18    Int: 16    God:
Gold:   19         SH:  0    Dex: 16    Spells: 2 memorised, 2 levels left
                                        Lives:  0   Deaths: 0

rFire  . . .     SeeInvis +     (weapon unavailable)
rCold  . . .     Gourm    .     (armour unavailable)
rNeg   . . .     Faith    .     (shield unavailable)
rPois  .         Spirit   .     (helmet unavailable)
rElec  .         Reflect  .     (cloak unavailable)
rCorr  .         Harm     .     (gloves unavailable)
MR     .....                    (boots unavailable)
Stlth  +++.......               (no amulet)
                                (no ring)
                                (no ring)

@: quick
A: no armour, no weapons or thrown items, stealth, claws 1, fangs 3, see
invisible, carnivore 3, speed 1, shaggy fur 1, slow metabolism 1, sharp paws
a: no special abilities


You were on level 1 of the Dungeon.
You were not hungry.

You visited 1 branch of the dungeon, and saw 1 of its levels.

You collected 19 gold pieces.

Inventory:

Scrolls
 d - a scroll of recharging {unknown}
 e - 2 scrolls of identify {unknown}
Potions
 c - a potion of mutation {unknown}
 f - 2 potions of curing {unknown}
 g - a potion of flight {unknown}
Books
 a - a book of Callings

   Spells                             Type                      Level
   a - Summon Small Mammal            Summoning                    1
   b - Call Imp                       Summoning                    2
   c - Call Canine Familiar           Summoning                    3
   d - Summon Guardian Golem          Hexes/Summoning              3
   e - Summon Lightning Spire         Summoning/Air                4
   f - Summon Ice Beast               Ice/Summoning                4
Comestibles
 b - a meat ration


   Skills:
 + Level 2.8 Dodging
 + Level 3.1 Stealth
 + Level 0.6 Unarmed Combat
 + Level 2.0 Spellcasting
 - Level 4.2 Summonings


You had 2 spell levels left.
You knew the following spells:

 Your Spells              Type           Power        Failure   Level  Hunger
a - Summon Small Mammal   Summ           ###.         4%          1    #......
b - Call Imp              Summ           ###.....     8%          2    ###....


Dungeon Overview and Level Annotations

Branches:
Dungeon (1/15)

Altars:


Innate Abilities, Weirdness & Mutations

You cannot wear armour.
You are incapable of wielding weapons or throwing items.
Your paws allow you to move quietly. (Stealth)
You have sharp claws.
You have razor-sharp teeth.
You have supernaturally acute eyesight. (SInv)
You are carnivorous and can eat meat at any time.
You cover ground quickly.
You are covered in fur. (AC +1)
You have a slow metabolism.
Your sharp claws are effective at attacking unaware monsters.


Message History

You closely miss the jackal. The jackal completely misses you.
You scratch the jackal.
The jackal is lightly wounded.
The jackal misses you. x2
You scratch the jackal.
The jackal is moderately wounded.
The jackal misses you.
The hobgoblin shouts!
You scratch the jackal.
The jackal is heavily wounded.
The jackal barely misses you.
You scratch the jackal.
The jackal is severely wounded.
The jackal barely misses you. The jackal completely misses you.
You scratch the jackal.
You kill the jackal!
The hobgoblin misses you. The jackal misses you. The jackal closely misses you.
You closely miss the jackal. The jackal bites you.
You die...

..........#.####........#######
............##...........†....#
..#........>........###.###..##
...........#.#...##.###.# #.##
...............##.....#.###.#
.#####....#†..###...........#
.#.†.#...##...# #.......#####
..#)..#..##.#.###.......#
.#...#.......ghh@.......##
.#####....#.#.###>.......#
.........)............#..######
#.......#.....................###
.....#.........#######.#...#....
#####..#........# #.#........
...##...#.......### #.#...#####
....#...#.........## #.#..)..#
.....#..##.#..###..# #.#...#.#


You could see 2 jackals and a hobgoblin.

Vanquished Creatures
  A dart slug (D:1)
  2 giant cockroaches (D:1)
  A goblin (D:1)
  A hobgoblin (D:1)
  A jackal (D:1)
  2 kobolds (D:1)
  2 bats (D:1)
  A frilled lizard (D:1)
  2 rats (D:1)
13 creatures vanquished.

Notes
Turn   | Place    | Note
-------+----------+-------------------------------------------
     0 | D:1      | equalderp2856 the Felid Summoner began the quest for the Orb.
     0 | D:1      | Reached XP level 1. HP: 7/7 MP: 4/4
   175 | D:1      | Reached XP level 2. HP: 9/11 MP: 6/6
   237 | D:1      | Learned a level 2 spell: Call Imp
   334 | D:1      | Slain by a jackal

Skill      XL: |  1  2 |
---------------+-------+-----
Stealth        | 3 |  3.1
Dodging        | |  2.8
Unarmed Combat | |  0.6
Spellcasting   | |  2.0
Summonings     | |  4.2

Action                   || total
-------------------------++-------
Melee: Unarmed           ||    51
 Stab: Sleeping          ||     4
Armor: Skin              ||     1
Dodge: Dodged            ||    52
